Map: Frost LE

Players

Terran

  • Race: Protoss Protoss
  • League: Gold

Tenonee - Winner!

  • Race: Terran Terran
  • League: Diamond

VOD

Have the link to the VOD?

Description

Time

  • Played on: July 31, 2016, 5:38 a.m.
  • Length: 9:37
Show
View Real Time Build Order
Export as new Build Order

Terran Protoss 

Build Orders: Oracle Opening 

Get SALT Encoding   

  12  0:10  Pylon  
  12  0:13  Probe (Chrono Boost)  
  13  0:28  Gateway  
  13  0:31  Probe (Chrono Boost)  
  14  0:39  Assimilator  
  14  0:43  Probe (Chrono Boost)  
  15  0:51  Assimilator  
  15  0:54  Probe (Chrono Boost)  
  16  1:05  Probe (Chrono Boost)  
  17  1:16  Cybernetics Core  
  17  1:21  Probe (Chrono Boost)  
  18  1:36  Probe (Chrono Boost)  
  19  1:43  Warp Gate  
  19  1:48  Pylon  
  19  1:49  Probe (Chrono Boost)  
  20  2:13  Stargate  
  20  2:18  Probe (Chrono Boost)  
  22  2:30  Probe (Chrono Boost)  
  22  2:42  Probe (Chrono Boost)  
  23  2:46  Pylon  
  23  2:51  Oracle  
  23  2:56  Mothership Core (Chrono Boost)  
  28  3:04  Pylon  
  28  3:15  Probe (Chrono Boost), Gateway  
  29  3:22  Oracle  
  30  3:27  Probe (Chrono Boost)  
  33  3:49  Twilight Council  
  33  4:02  Nexus  
  33  4:23  Probe (Chrono Boost)  
  34  4:24  Stalker  
  34  4:26  Blink  
  34  4:27  Forge  
  36  4:34  Stalker  
  36  4:35  Probe (Chrono Boost)  
  33  5:00  Protoss Ground Weapons Level 1  
  33  5:02  Stalker, Gateway  
  35  5:09  Probe (Chrono Boost)  
  35  5:11  Stalker  
  38  5:15  Probe (Chrono Boost)  
  39  5:26  Gateway  
  39  5:31  Probe (Chrono Boost)  
  39  5:33  Assimilator  
  40  5:39  Probe (Chrono Boost)  
  40  5:41  Probe (Chrono Boost)  
  42  5:45  Pylon  
  42  5:51  Stalker  
  44  6:11  Stalker  
  44  6:12  Stalker  
  48  6:18  Templar Archives  
  48  6:23  Probe (Chrono Boost)  
  49  6:27  Pylon  
  49  6:30  Probe (Chrono Boost)  
  50  6:35  Probe (Chrono Boost)  
  51  6:41  Probe (Chrono Boost)  
  51  6:44  Stalker  
  51  6:45  Stalker  
  52  6:47  Probe (Chrono Boost)  
  52  6:51  Probe (Chrono Boost)  
  49  7:05  Stalker x2  
  53  7:10  Pylon  
  53  7:19  Photon Cannon  
  42  7:41  Stalker  
  42  7:42  Stalker x2  
  44  8:01  Probe (Chrono Boost)  
  45  8:12  Probe (Chrono Boost), Stalker  
  48  8:19  Photon Cannon  
  48  8:22  Probe (Chrono Boost)  
  49  8:31  High Templar  
  49  8:32  High Templar  
  53  8:38  Probe (Chrono Boost)  
  54  8:42  Assimilator  
  54  8:49  Probe (Chrono Boost), Archon  
  55  8:59  Probe (Chrono Boost)  
  57  9:10  Probe (Chrono Boost)  
  57  9:19  Nexus  
  57  9:20  Probe (Chrono Boost)  
Show
View Real Time Build Order
Export as new Build Order

Tenonee Terran - Winner!

Build Orders: MMM Bio 

Get SALT Encoding   

  12  0:01  SCV  
  13  0:13  SCV  
  14  0:17  Supply Depot  
  14  0:25  SCV  
  15  0:39  Barracks, SCV  
  16  0:46  Refinery  
  16  0:51  SCV  
  17  1:03  SCV  
  18  1:09  Supply Depot  
  18  1:15  SCV  
  19  1:29  Barracks Reactor  
  20  1:35  Orbital Command  
  19  1:59  Command Center  
  19  2:02  SCV  
  19  2:08  Marine x2  
  22  2:15  SCV  
  22  2:22  Factory  
  22  2:27  SCV  
  22  2:29  Marine  
  24  2:33  Marine  
  25  2:39  SCV  
  26  2:46  Marine  
  26  2:51  Marine  
  27  2:52  SCV  
  27  2:55  Refinery  
  29  3:04  Marine, SCV  
  31  3:10  Widow Mine  
  31  3:11  Starport  
  33  3:15  Barracks  
  33  3:16  SCV  
  34  3:22  Marine  
  35  3:27  Orbital Command  
  35  3:31  SCV  
  36  3:40  Marine  
  37  3:43  SCV  
  37  3:47  Marine  
  39  3:51  Starport Reactor  
  39  3:52  Widow Mine  
  41  3:57  SCV x2  
  41  3:58  Marine  
  42  4:11  SCV x2  
  44  4:18  Barracks Tech Lab  
  44  4:23  SCV  
  45  4:26  SCV  
  45  4:30  Factory Tech Lab  
  45  4:31  Medivac x2  
  48  4:35  SCV  
  48  4:37  Supply Depot  
  51  4:40  Supply Depot, SCV  
  51  4:44  Stimpack  
  49  5:00  Marine x3  
  49  5:02  SCV x2  
  54  5:13  Medivac  
  54  5:14  Medivac  
  58  5:15  SCV x2  
  58  5:18  Marine x2  
  58  5:19  Refinery  
  58  5:21  Refinery  
  62  5:25  Marine  
  62  5:27  SCV x2  
  65  5:30  Supply Depot  
  65  5:35  Marine  
  65  5:36  Marine  
  65  5:39  SCV  
  65  5:40  SCV  
  65  5:41  Engineering Bay  
  69  5:43  Marine  
  70  5:52  SCV x2  
  70  5:53  Marine  
  70  5:54  Marine  
  74  6:04  SCV x2  
  75  6:09  Marine  
  76  6:11  Marine  
  76  6:12  Marine  
  76  6:14  Terran Infantry Weapons Level 1  
  76  6:15  Command Center  
  78  6:23  SCV  
  78  6:24  Supply Depot  
  78  6:25  Supply Depot  
  79  6:26  SCV  
  79  6:28  Marine  
  79  6:29  Marine  
  79  6:32  Siege Tank  
  85  6:36  SCV  
  86  6:45  Marine, Medivac x2  
  86  6:46  Marine  
  86  6:58  Marine  
  87  7:02  Barracks  
  87  7:03  Marine, SCV x2  
  87  7:04  Barracks  
  89  7:15  SCV x2  
  90  7:16  Supply Depot  
  90  7:17  Supply Depot  
  90  7:18  Concussive Shells  
  90  7:19  Marine  
  90  7:20  Marauder  
  90  7:21  Marine  
  95  7:27  SCV  
  89  7:37  Marine  
  89  7:38  Marine  
  89  7:41  Marauder  
  92  7:50  Orbital Command  
  92  7:52  Barracks Tech Lab x2  
  92  7:54  Ghost Academy  
  94  7:59  Siege Tank  
  94  8:03  SCV  
  94  8:04  SCV  
  92  8:09  Medivac  
  92  8:10  Medivac, Marine  
  92  8:11  Marine, Marauder  
  98  8:13  Combat Shields  
  98  8:15  SCV  
  98  8:16  Orbital Command  
  99  8:28  Marine, SCV x2  
  99  8:30  Barracks  
  99  8:31  Widow Mine  
  104  8:35  Engineering Bay  
  104  8:36  Armory  
  104  8:47  Marine  
  104  8:48  Marine x3, Marauder  
  109  8:51  SCV x2  
  112  9:05  Marine x2, Ghost x2  
  118  9:11  Refinery x2  
  118  9:16  Supply Depot  
  118  9:17  Supply Depot  
Tags
 
Composition
MMM Bio
Matchup
PvT
Add a new tag
Caveats
  • Supply blocks, unpowered buildings, or Contaminate may cause inaccurate times.
  • Supply counts are checked every 10 seconds.